 Dungeon Crawl Stone Soup version 0.22.1-1-ga44c0e5 (webtiles) character file.

47 Velaskes the Skirmisher (level 3, 0/29 HPs)
             Began as a Demonspawn Abyssal Knight on Oct 30, 2018.
             Was a Follower of Lugonu.
             Succumbed to an adder's poison
             ... on level 2 of the Dungeon.
             The game lasted 00:05:01 (1778 turns).

Velaskes the Skirmisher (Demonspawn Abyssal Knight) Turns: 1778, Time: 00:05:02

Health: 0/29       AC:  5    Str: 12    XL:     3   Next: 48%
Magic:  5/5        EV:  9    Int: 13    God:    Lugonu [*.....]
Gold:   23         SH:  3    Dex: 13    Spells: 2/2 levels left

rFire    . . .     SeeInvis .   a - +1 mace
rCold    + + .     Gourm    .   f - +0 buckler
rNeg     + . .     Faith    .   e - +0 ring mail
rPois    .         Spirit   .   (no helmet)
rElec    .         Reflect  .   (no cloak)
rCorr    .         Harm     .   (no gloves)
MR       .....                  (no boots)
Stlth    +.........             (no amulet)
HPRegen  0.09/turn              d - ring of protection from cold
MPRegen  0.09/turn              i - ring of positive energy

@: lethally poisoned (0 -> -1)
A: cold resistance 1, freezing cloud immunity
a: Depart the Abyss, Renounce Religion


You were on level 2 of the Dungeon.
You worshipped Lugonu.
Lugonu was aware of your devotion.
You were not hungry.

You visited 1 branch of the dungeon, and saw 2 of its levels.
You visited the Abyss 1 time.

You collected 23 gold pieces.

Inventory:

Hand Weapons
 a - a +1 mace (weapon)
Armour
 b - a +0 leather armour
 e - a +0 ring mail (worn)
 f - a +0 buckler (worn)
Jewellery
 d - a ring of protection from cold (left hand)
 i - a ring of positive energy (right hand)
Potions
 g - a potion of lignification {unknown}
 h - a potion of curing {unknown}
Comestibles
 c - a ration


   Skills:
 + Level 3.6 Fighting
 + Level 2.2 Maces & Flails
 + Level 2.4 Armour
 + Level 0.9 Dodging
 + Level 0.2 Stealth
 + Level 2.7 Invocations


You had 2 spell levels left.
You didn't know any spells.
Your spell library was empty.

Dungeon Overview and Level Annotations

Branches:
Dungeon (2/15)

Altars:


Innate Abilities, Weirdness & Mutations

Your flesh is cold resistant. (rC+)
You are immune to freezing clouds.


Message History

The adder bites you but does no damage.
* * * LOW HITPOINT WARNING * * *
You feel sick. The adder bites you but does no damage.
* * * LOW HITPOINT WARNING * * *
You feel sick. The adder barely misses you. The adder barely misses you.
* * * LOW HITPOINT WARNING * * *
You feel sick. The adder bites you but does no damage.
* * * LOW HITPOINT WARNING * * *
You feel sick. The adder bites you but does no damage.
The kobold hits you but does no damage. The adder barely misses you.
* * * LOW HITPOINT WARNING * * *
You feel sick. The adder bites you but does no damage.
* * * LOW HITPOINT WARNING * * *
You feel sick. The adder bites you but does no damage.
You die...

##### #.######### #...
#.....@.S.# ##.###
###.#####S########.....
...#.K.........###
###.###...###...#..
#.........'........
#.#.###...####..###
#.#.#.+............
#.#.#.#...#####..#.
#.#.#.#...# #......


You could see 2 adders.

Vanquished Creatures
  An adder (D:2)
  A dart slug (D:1)
  3 goblins
  7 hobgoblins
  7 jackals
  4 kobolds
  A frilled lizard (D:1)
  10 rats
34 creatures vanquished.

Notes
Turn   | Place    | Note
-------+----------+-------------------------------------------
     0 | Abyss:1  | Velaskes the Demonspawn Abyssal Knight began the quest for
                  | the Orb.
     0 | Abyss:1  | Reached XP level 1. HP: 18/18 MP: 2/2
    32 | Abyss:1  | Noticed an ancient zyme
    34 | D:1      | Escaped the Abyss
   268 | D:1      | Gained mutation: Your flesh is cold resistant. (rC+)
                  | [demonic ancestry]
   268 | D:1      | Reached XP level 2. HP: 17/24 MP: 3/3
   544 | D:1      | Reached * piety under Lugonu
  1042 | D:2      | Gained mutation: You are immune to freezing clouds.
                  | [demonic ancestry]
  1042 | D:2      | Reached XP level 3. HP: 13/29 MP: 5/5
  1774 | D:2      | HP: 1/29 [poisoned by an adder]
  1778 | D:2      | Succumbed to an adder's poison

Skill      XL: |  1 |
---------------+----+-----
Armour         | 2 |  2.4
Maces & Flails | 2 |  2.2
Fighting       | |  3.6
Dodging        | |  0.9
Stealth        | |  0.2
Invocations    | |  2.7

Action                   || total
-------------------------++-------
Melee: Mace              ||   115
Invok: Depart the Abyss  ||     1
  Eat: Ration            ||     1
Armor: Ring mail         ||    60
       Leather armour    ||     1
Dodge: Dodged            ||    61
Block: Buckler           ||    20
